Map: Magannatha LE

Players

orboD - Winner!

  • Race: Terran Terran
  • League: Diamond
  • Spawn Location: 11:00

ИИ 1 (новичок)

  • Race: Terran Terran
  • Spawn Location: 5:00

VOD

Have the link to the VOD?

Description

Not my replay. From My Favorite Streamer!

Time

  • Played on: Aug. 10, 2025, 1:49 p.m.
  • Length: 15:40
Show
View Real Time Build Order
Export as new Build Order

orboD Terran - Winner!

Build Orders: Mech 

Get SALT Encoding   

  12  0:00  SCV  
  13  0:12  SCV  
  14  0:17  Supply Depot  
  14  0:24  SCV  
  14  0:27  Refinery  
  15  0:39  SCV  
  16  0:44  Barracks  
  16  0:51  SCV  
  16  0:55  Refinery  
  17  1:03  SCV  
  18  1:15  SCV  
  19  1:30  Orbital Command  
  19  1:32  Factory  
  19  1:34  Reaper  
  20  1:45  Supply Depot  
  20  1:56  SCV  
  21  2:06  Reaper  
  22  2:13  SCV  
  23  2:19  Factory Tech Lab  
  23  2:25  SCV  
  23  2:26  Command Center  
  24  2:36  Supply Depot  
  24  2:37  SCV  
  25  2:46  Starport  
  25  2:47  Barracks Reactor  
  25  2:49  SCV  
  26  3:02  SCV, Cyclone  
  30  3:14  SCV  
  31  3:24  Refinery  
  31  3:34  SCV  
  32  3:36  Siege Tank  
  32  3:38  Orbital Command  
  35  3:43  Viking  
  35  3:45  Viking  
  35  3:47  SCV  
  40  3:59  SCV  
  41  4:04  SCV  
  41  4:08  Siege Tank  
  45  4:11  SCV  
  45  4:15  Supply Depot  
  45  4:16  SCV  
  46  4:23  SCV, Viking  
  46  4:24  Viking  
  51  4:28  SCV  
  51  4:30  Supply Depot  
  52  4:35  SCV  
  53  4:40  SCV  
  53  4:42  Siege Tank  
  57  4:47  SCV  
  58  4:53  SCV  
  58  4:54  Supply Depot  
  58  4:57  Viking x2  
  58  4:59  SCV  
  64  5:05  SCV  
  65  5:07  Supply Depot  
  65  5:11  SCV  
  66  5:17  SCV  
  67  5:22  Siege Tank  
  67  5:25  SCV  
  67  5:27  Viking  
  73  5:29  SCV  
  73  5:35  Command Center  
  73  5:37  SCV  
  73  5:41  SCV  
  73  5:42  Refinery  
  75  5:44  Supply Depot  
  75  5:48  Liberator  
  75  5:49  SCV  
  79  5:53  SCV  
  80  5:57  Viking  
  80  5:59  Supply Depot  
  80  6:01  SCV, Siege Tank  
  86  6:06  SCV, Supply Depot  
  87  6:13  SCV  
  88  6:49  Siege Tank  
  88  6:50  Viking x2  
  88  6:53  Armory  
  95  6:55  Factory  
  95  7:01  Supply Depot  
  95  7:04  SCV x2, Factory  
  97  7:14  Refinery  
  97  7:16  SCV  
  97  7:17  Refinery  
  97  7:18  Supply Depot x2  
  97  7:19  Liberator  
  97  7:20  Viking  
  103  7:25  SCV  
  103  7:26  Engineering Bay, Orbital Command  
  103  7:28  SCV, Supply Depot  
  105  7:38  SCV  
  105  7:40  SCV, Siege Tank  
  105  7:43  Factory Reactor  
  110  7:47  Factory Tech Lab  
  110  7:50  Viking, SCV  
  113  8:02  Viking  
  115  8:19  Liberator  
  118  8:35  Siege Tank  
  118  8:37  Hellion x2  
  118  8:38  Siege Tank  
  128  8:42  Terran Vehicle Weapons Level 1  
  128  8:44  Armory  
  128  8:46  SCV x2  
  130  8:49  Command Center  
  130  8:53  SCV  
  131  8:55  Sensor Tower  
  131  8:58  Missile Turret, SCV, Hellion  
  131  8:59  Hellion  
  136  9:04  Missile Turret  
  136  9:06  Missile Turret  
  136  9:07  Missile Turret  
  136  9:09  Missile Turret  
  136  9:11  Missile Turret  
  136  9:16  Missile Turret  
  136  9:20  Hellion x2  
  136  9:21  Missile Turret  
  140  9:38  Missile Turret  
  140  9:41  Hellion  
  142  10:50  Terran Vehicle Weapons Level 2  
  142  10:51  Terran Vehicle And Ship Armor Level 1  
  142  10:58  Siege Tank x2  
  142  10:59  Hellion  
  142  11:00  Hellion, Viking x2  
  142  11:03  Supply Depot  
  142  11:04  Supply Depot  
  156  11:05  Supply Depot  
  156  11:07  Factory  
  156  11:08  SCV x3  
  156  11:09  Factory  
  156  11:10  Factory  
  160  11:15  Command Center  
  159  11:20  Infernal Pre-Igniter, SCV  
  159  11:21  Refinery, Smart Servos  
  159  11:23  Supply Depot  
  159  11:24  Hi-Sec Auto Tracking  
  160  11:26  Supply Depot, Refinery  
  160  11:27  Hellion x2  
  160  11:30  Supply Depot  
  164  11:46  Missile Turret  
  164  11:52  Factory Tech Lab  
  164  11:53  Factory Tech Lab  
  164  11:55  Factory Tech Lab  
  164  11:57  Thor  
  164  11:58  Thor  
  164  12:01  Viking x2  
  180  12:04  Hellbat x2  
  184  12:24  Thor  
  184  12:25  Thor  
  184  12:26  Hellbat  
  184  12:27  Hellbat  
  200  12:58  Thor x4  
  200  13:10  Terran Vehicle And Ship Armor Level 2  
  200  13:43  Hellion x15  
  200  14:52  Thor  
  186  14:53  Thor x2  
  186  14:55  Thor  
  187  15:18  Factory x3  
  187  15:19  Factory  
  187  15:24  Factory  
Show
View Real Time Build Order
Export as new Build Order

ИИ 1 (новичок) Terran 

Build Orders: Reaper Expand 

Get SALT Encoding   

  12  0:00  SCV  
  13  0:13  SCV  
  14  0:18  Supply Depot  
  14  0:43  Barracks  
  14  1:02  Command Center  
  14  1:30  Orbital Command, Supply Depot  
  14  1:31  Marine  
  15  1:37  Refinery  
  15  1:47  Refinery  
  15  1:55  SCV  
  16  2:08  SCV  
  17  2:14  SCV  
  18  2:16  Reaper  
  18  2:21  SCV  
  20  2:28  SCV  
  21  2:35  SCV  
  22  2:42  SCV  
  23  2:49  SCV  
  23  2:51  Refinery  
  24  2:57  SCV  
  25  3:01  Marine  
  25  3:04  SCV  
  27  3:11  SCV  
  28  3:13  Factory  
  28  3:35  Refinery  
  28  3:36  SCV  
  29  3:43  SCV  
  29  3:47  Marine  
  31  3:50  SCV  
  31  3:54  Supply Depot  
  32  3:57  SCV  
  32  4:00  Starport  
  33  4:05  SCV  
  34  4:12  SCV  
  34  4:19  SCV  
  33  4:26  SCV  
  34  4:33  Marine, SCV  
  34  4:36  Supply Depot, Starport Tech Lab  
  36  4:40  SCV  
  37  4:48  SCV  
  38  4:55  Raven, SCV  
  41  5:02  SCV  
  42  5:09  SCV  
  43  5:16  SCV  
  43  5:18  Marine  
  44  5:23  SCV  
  45  5:29  Raven  
  42  6:03  Raven  
  44  6:04  Marine  
  43  6:37  Raven  
  42  6:50  Marine  
  43  7:12  Raven  
  42  7:36  Marine  
  43  7:45  SCV  
  43  7:46  Raven  
  44  8:05  Hellion  
  44  8:08  Supply Depot  
  44  8:16  SCV  
  41  8:20  Raven  
  41  8:23  SCV  
  44  8:31  SCV  
  47  8:34  Hellion  
  47  8:38  SCV  
  38  8:45  SCV  
  35  8:52  SCV  
  34  8:59  SCV  
  34  9:03  Hellion  
  31  9:12  SCV  
  30  9:24  SCV  
  31  9:31  Hellion  
  31  9:36  SCV  
  31  9:48  SCV  
  30  10:00  SCV  
  30  10:12  SCV  
  31  10:16  Marine  
  31  10:24  SCV  
  30  10:36  SCV  
  30  10:48  SCV  
  28  11:00  SCV  
  28  11:02  Marine  
  29  11:13  SCV  
  29  11:24  Marine, Medivac  
  29  11:25  SCV  
  28  11:37  SCV  
  26  11:45  Marine  
  26  11:49  SCV  
  26  11:54  Raven  
  26  12:01  SCV  
  28  12:08  Hellion  
  28  12:11  Barracks Tech Lab  
  28  12:13  SCV  
  26  12:25  SCV  
  26  12:26  Command Center  
  26  12:28  Medivac  
  26  12:29  Factory Tech Lab, Marine  
  30  12:37  SCV  
  31  12:49  SCV  
  30  12:51  Marauder  
  30  12:59  Raven  
  30  13:01  SCV  
  31  13:12  Siege Tank  
  34  13:13  SCV  
  35  13:26  SCV  
  36  13:33  Raven  
  40  13:34  Marauder  
  40  13:38  SCV  
  40  13:40  SCV  
  40  13:50  SCV  
  40  13:54  SCV  
  40  13:55  Marine  
  43  14:02  SCV  
  44  14:07  Raven  
  44  14:08  SCV  
  47  14:15  SCV  
  47  14:16  Marine  
  47  14:23  SCV  
  47  14:30  SCV  
  45  14:37  SCV  
  44  14:38  Marine  
  44  14:41  Raven  
  44  14:45  SCV  
  45  14:52  SCV  
  43  14:59  SCV  
  37  15:02  Marine  
  37  15:06  SCV  
  31  15:14  SCV  
  26  15:21  SCV  
Tags
 
Composition
Mech
League
Diamond
Matchup
ТvТ
Spawn Locations
Cross Positions
Add a new tag
Caveats
  • Supply blocks, unpowered buildings, or Contaminate may cause inaccurate times.
  • Supply counts are checked every 10 seconds.